Stars vs Jets

Created - 16 avril 2020 at 22:16

Goals
1 2 3 OT1 T
Stars 1 1 0 1 3
Jets 1 1 0 0 2
Shots
1 2 3 OT1 T
Stars 12 7 12 1 32
Jets 23 23 8 6 60

1st period

1. Jets , Mika Zibanejad 6 (Carl Soderberg 5, Jake Guentzel 6) at 5:17
2. Stars , Nazem Kadri 1 (Yanni Gourde 2) at 17:27

Penalties :
Tommy Wingels (DAL) for Checking from behind (Minor) at 2:42

2nd period

3. Jets , Bryan Rust 3 (Mikko Koivu 6) at 5:21
4. Stars , Josh Bailey 1 (Sidney Crosby 7, Yanni Gourde 3) at 9:45

Penalties :
Duncan Keith (DAL) for Roughing (Minor) at 0:11, P.K. Subban (WPG) for Holding (Minor) at 2:59, Nick Foligno (WPG) for Tripping (Minor) at 7:41, John Klingberg (DAL) for High sticking (Minor) at 14:25

3rd period

No Goal

Penalties :
Jake Guentzel (WPG) for Cross-checking (Minor) at 17:23

Overtime #1

5. Stars , Joel Edmundson 1 (Sidney Crosby 8, Ryan Murray 5) at 9:02

Penalties :
Danny DeKeyser (DAL) for High sticking (Minor) at 1:12

Goalie Stats

Darcy Kuemper (DAL), 58 saves from 60 shots - (0,967), W, 6-4-0, 69:03 minutes
Ben Bishop (WPG), 29 saves from 32 shots - (0,906), OTL, 6-4-1, 69:03 minutes

Players Stats for Stars

Player Name              G  A  P  +/- PIM S  H  SB GA TA FO     MP     PP MP  PK MP  
------------------------------------------------------------------------------------
Brandon Montour          0  0  0   1  0   2  1  2  0  0  0/0    24:49   2:13   2:57 
Brenden Dillon           0  0  0   0  0   0  0  0  0  0  0/0     6:54   0:00   2:59 
Danny DeKeyser           0  0  0   1  2   0  2  0  0  0  0/0    21:28   0:00   1:50 
Devin Shore              0  0  0   0  0   2  0  0  0  0  6/17   18:00   0:00   0:08 
Duncan Keith             0  0  0  -1  2   2  5  2  0  0  0/0    23:37   2:13   4:03 
Evander Kane             0  0  0   1  0   3  4  0  0  0  0/1    20:13   3:36   0:00 
Joel Edmundson           1  0  1   1  0   1  3  2  0  0  0/0    14:14   0:00   0:00 
John Klingberg           0  0  0  -1  2   1  2  4  0  0  0/0    29:03   3:44   4:03 
Jon Marchessault         0  0  0   0  0   3  0  0  0  0  1/1    21:06   3:36   0:00 
Josh Bailey              1  0  1   0  0   3  0  0  0  0  0/1    17:52   0:00   0:00 
Nazem Kadri              1  0  1   1  0   4  0  0  0  0  15/26  18:58   2:21   0:00 
Paul Byron               0  0  0   0  0   2  5  0  0  0  3/8    23:14   0:00   2:33 
Ryan Murray              0  1  1   1  0   0  0  1  0  0  0/0    17:58   3:44   0:00 
Sebastian Aho            0  0  0   0  0   0  0  0  0  0  2/8     9:12   3:36   5:36 
Sidney Crosby            0  2  2   0  0   4  0  0  0  0  15/31  23:02   2:21   0:00 
Tommy Wingels            0  0  0   0  2   1  0  0  0  0  0/2     4:36   0:00   1:26 
Yanni Gourde             0  2  2   1  0   2  1  0  0  0  6/12   22:55   2:21   3:57 
Zach Aston-Reese         0  0  0   0  0   2  2  0  0  0  0/0    20:04   0:00   2:12 

Players Stats for Jets

Player Name              G  A  P  +/- PIM S  H  SB GA TA FO     MP     PP MP  PK MP  
------------------------------------------------------------------------------------
Bryan Rust               1  0  1  -1  0   7  0  0  0  0  0/0    15:32   0:00   1:49 
Cam Atkinson             0  0  0  -1  0   1  1  0  0  0  2/4    25:52   4:12   0:00 
Carl Soderberg           0  1  1   1  0   5  1  0  0  0  8/12   23:55   0:00   4:08 
Carter Rowney            0  0  0   0  0   0  0  0  0  0  0/0     0:00   0:00   0:00 
Derek MacKenzie          0  0  0   0  0   1  1  0  0  0  0/0     9:51   0:00   3:45 
Devon Toews              0  0  0  -1  0   0  0  0  0  0  0/0    20:39   3:36   0:00 
Hampus Lindholm          0  0  0  -2  0   4  3  2  0  0  0/0    30:06   3:36   4:08 
Jake Guentzel            0  1  1   0  2   2  3  0  0  0  1/3    17:45   3:44   0:00 
Jake Muzzin              0  0  0   2  0   3  5  0  0  0  0/0    21:57   4:20   1:52 
Jay Bouwmeester          0  0  0   2  0   2  0  0  0  0  0/0    21:06   0:00   2:35 
Kevin Rooney             0  0  0   0  0   2  0  0  0  0  4/5     7:22   0:00   1:16 
Mika Zibanejad           1  0  1   0  0   8  1  0  0  0  17/27  17:46   3:44   0:00 
Mikko Koivu              0  1  1   0  0   5  0  0  0  0  8/15   17:06   3:44   0:00 
Nick Foligno             0  0  0   0  2   2  3  1  0  0  0/0    14:17   0:00   0:56 
P.K. Subban              0  0  0  -2  2   3  3  4  0  0  0/0    29:20   4:20   2:39 
Patrice Bergeron         0  0  0  -1  0   9  1  1  0  0  18/39  25:52   4:12   0:00 
Tomas Tatar              0  0  0  -1  0   5  8  0  0  0  1/2    25:52   4:12   0:00 
Zach Bogosian            0  0  0  -1  0   1  0  0  0  0  0/0    14:57   0:00   0:40 

3 Stars

1 - Darcy Kuemper (DAL)
2 - Joel Edmundson (DAL)
3 - Yanni Gourde (DAL)

Power Play

Stars - 0 on 3 Attempt(s) - 0%
Jets - 0 on 4 Attempt(s) - 0%

Penalty Kill

Stars - 4 on 4 Attempt(s) - 100% - Score 0 goal in Penalty Kill
Jets - 3 on 3 Attempt(s) - 100% - Score 0 goal in Penalty Kill

Team Stat

Stars - Hits : 25 - Faceoff Wins : 48 - Blocked Shots : 11 - Penalty Minutes : 8
Jets - Hits : 30 - Faceoff Wins : 59 - Blocked Shots : 8 - Penalty Minutes : 6

Official

Referees : Greg Kimmerly and Evgeny Romasko
Linesman : Vaughan Rody and Michel Cormier

Game Notes

No Game Note

Finance

Level 1 -- Attendance: 6000 (100%) -- Ticket Income 720 000 $
Level 2 -- Attendance: 4181 (84%) -- Ticket Income 459 910 $
Level 3 -- Attendance: 2200 (100%) -- Ticket Income 220 000 $
Level 4 -- Attendance: 1016 (100%) -- Ticket Income 91 440 $
Luxury Box -- Attendance: 775 (97%) -- Ticket Income 263 500 $
Game was played at the MTS Center.
Total Attendance: 14172 (94%)
Total Ticket Income: 1 754 850 $
Other Income: 859 876 $
Total Income: 2 614 726 $

% Time on Ice - Stars

Lines # - Real PCT - Wanted PCT - Time Play
Normal Forward
1 - 32% - 39% - 17:30
2 - 30% - 29% - 16:37
3 - 32% - 23% - 17:52
4 - 6% - 9% - 3:11
Normal Defense
1 - 31% - 40% - 17:22
2 - 36% - 30% - 19:39
3 - 26% - 20% - 14:14
4 - 7% - 10% - 3:55
PP Forward
1 - 61% - 60% - 3:36
2 - 39% - 40% - 2:21
PP Defense
1 - 63% - 60% - 3:44
2 - 37% - 40% - 2:13
PK Forward
1 - 72% - 60% - 5:44
2 - 28% - 40% - 2:12
PK Defense
1 - 63% - 60% - 4:59
2 - 37% - 40% - 2:57
PK3 Forward
1 - 0% - 60%
2 - 0% - 40%
PK3 Defense
1 - 0% - 60%
2 - 0% - 40%
44 Forward
1 - 0% - 60%
2 - 0% - 40%
44 Defense
1 - 0% - 60%
2 - 0% - 40%
Last Minute Offensive  - 0:00
Last Minute Defensive  - 0:00
Total
Forward - 69:03
Defense - 69:03

% Time on Ice - Jets

Lines # - Real PCT - Wanted PCT - Time Play
Normal Forward
1 - 39% - 40% - 21:40
2 - 25% - 30% - 14:02
3 - 24% - 20% - 13:22
4 - 11% - 10% - 6:06
Normal Defense
1 - 41% - 40% - 22:22
2 - 29% - 30% - 15:45
3 - 26% - 20% - 14:17
4 - 5% - 10% - 2:46
PP Forward
1 - 53% - 60% - 4:12
2 - 47% - 40% - 3:44
PP Defense
1 - 55% - 60% - 4:20
2 - 45% - 40% - 3:36
PK Forward
1 - 79% - 60% - 4:41
2 - 21% - 40% - 1:16
PK Defense
1 - 73% - 60% - 4:22
2 - 27% - 40% - 1:35
PK3 Forward
1 - 0% - 60%
2 - 0% - 40%
PK3 Defense
1 - 0% - 60%
2 - 0% - 40%
44 Forward
1 - 0% - 60%
2 - 0% - 40%
44 Defense
1 - 0% - 60%
2 - 0% - 40%
Last Minute Offensive  - 0:00
Last Minute Defensive  - 0:00
Total
Forward - 69:03
Defense - 69:03

Play-by-Play

1st period


0:01 of 1st period - Sidney Crosby wins face-off versus Patrice Bergeron in neutral zone.
0:15 of 1st period - Jon Marchessault is hit by P.K. Subban and loses puck.
0:28 of 1st period - Shot by Patrice Bergeron.
0:28 of 1st period - Stopped by Darcy Kuemper with a rebound.
0:33 of 1st period - Sidney Crosby is hit by Hampus Lindholm.
0:42 of 1st period - Icing by Hampus Lindholm.
0:43 of 1st period - Patrice Bergeron wins face-off versus Nazem Kadri in Jets zone.
1:23 of 1st period - Danny DeKeyser is hit by Jake Guentzel and loses puck.
1:48 of 1st period - Shot by Mika Zibanejad.
1:48 of 1st period - Shot Misses the Net.
2:00 of 1st period - Shot by Mikko Koivu.
2:00 of 1st period - Stopped by Darcy Kuemper without a rebound.
2:01 of 1st period - Mikko Koivu wins face-off versus Devin Shore in Stars zone.
2:04 of 1st period - Shot by Bryan Rust.
2:04 of 1st period - Stopped by Darcy Kuemper without a rebound.
2:05 of 1st period - Devin Shore wins face-off versus Mikko Koivu in Stars zone.
2:23 of 1st period - Shot by Bryan Rust.
2:23 of 1st period - Shot Misses the Net.
2:25 of 1st period - Shot by Zach Bogosian.
2:25 of 1st period - Deflect By Nick Foligno.
2:25 of 1st period - Shot Misses the Net.
2:27 of 1st period - Shot by Zach Bogosian.
2:27 of 1st period - Stopped by Darcy Kuemper without a rebound.
2:28 of 1st period - Sidney Crosby wins face-off versus Patrice Bergeron in Stars zone.
2:36 of 1st period - Icing by P.K. Subban.
2:37 of 1st period - Patrice Bergeron wins face-off versus Sidney Crosby in Jets zone.
2:37 of 1st period - Patrice Bergeron is hit by Paul Byron.
2:42 of 1st period - Minor Penalty to Tommy Wingels for Checking from behind.
2:43 of 1st period - Patrice Bergeron wins face-off versus Sebastian Aho in Stars zone.
2:46 of 1st period - Shot by Cam Atkinson.
2:46 of 1st period - Shot Misses the Net.
2:48 of 1st period - Shot by Jake Muzzin.
2:48 of 1st period - Stopped by Darcy Kuemper without a rebound.
2:49 of 1st period - Patrice Bergeron wins face-off versus Yanni Gourde in Stars zone.
2:58 of 1st period - Shot by Cam Atkinson.
2:58 of 1st period - Stopped by Darcy Kuemper without a rebound.
2:59 of 1st period - Mika Zibanejad wins face-off versus Yanni Gourde in Stars zone.
3:00 of 1st period - Shot by P.K. Subban.
3:00 of 1st period - Shot Blocked by Duncan Keith.
3:12 of 1st period - Shot by P.K. Subban.
3:12 of 1st period - Stopped by Darcy Kuemper without a rebound.
3:13 of 1st period - Paul Byron wins face-off versus Patrice Bergeron in Stars zone.
3:30 of 1st period - Sebastian Aho is hit by Tomas Tatar and loses puck.
3:37 of 1st period - Shot by Patrice Bergeron.
3:37 of 1st period - Deflect By Tomas Tatar.
3:37 of 1st period - Stopped by Darcy Kuemper without a rebound.
3:38 of 1st period - Paul Byron wins face-off versus Mika Zibanejad in Stars zone.
4:07 of 1st period - Shot by Mika Zibanejad.
4:07 of 1st period - Stopped by Darcy Kuemper without a rebound.
4:08 of 1st period - Paul Byron wins face-off versus Patrice Bergeron in Stars zone.
4:16 of 1st period - Off-side.
4:17 of 1st period - Patrice Bergeron wins face-off versus Paul Byron in neutral zone.
4:47 of 1st period - Ryan Murray is hit by Jake Guentzel and loses puck.
5:01 of 1st period - Icing by Jake Muzzin.
5:02 of 1st period - Mika Zibanejad wins face-off versus Devin Shore in Jets zone.
5:15 of 1st period - Shot by Mika Zibanejad.
5:15 of 1st period - Deflect By Carl Soderberg.
5:15 of 1st period - Shot Blocked by Duncan Keith.
5:17 of 1st period - Shot by Mika Zibanejad.
5:17 of 1st period - Goal by Mika Zibanejad - Stars : 0 - Jets : 1.
5:18 of 1st period - Patrice Bergeron wins face-off versus Nazem Kadri in neutral zone.
5:39 of 1st period - Evander Kane is hit by Tomas Tatar and loses puck.
5:50 of 1st period - Shot by Evander Kane.
5:50 of 1st period - Shot Misses the Net.
5:58 of 1st period - Shot by Cam Atkinson.
5:58 of 1st period - Shot Misses the Net.
6:00 of 1st period - Shot by Hampus Lindholm.
6:00 of 1st period - Stopped by Darcy Kuemper without a rebound.
6:01 of 1st period - Sidney Crosby wins face-off versus Mikko Koivu in Stars zone.
6:07 of 1st period - Duncan Keith is hit by Nick Foligno and loses puck.
6:24 of 1st period - Shot by Mikko Koivu.
6:24 of 1st period - Stopped by Darcy Kuemper with a rebound.
6:36 of 1st period - Shot by Paul Byron.
6:36 of 1st period - Shot Misses the Net.
6:42 of 1st period - Shot by Jon Marchessault.
6:42 of 1st period - Stopped by Ben Bishop with a rebound.
6:54 of 1st period - Shot by Josh Bailey.
6:54 of 1st period - Stopped by Ben Bishop with a rebound.
7:18 of 1st period - Shot by Carl Soderberg.
7:18 of 1st period - Shot Misses the Net.
7:31 of 1st period - Carl Soderberg is hit by Joel Edmundson and loses puck.
7:36 of 1st period - Shot by Jake Guentzel.
7:36 of 1st period - Shot Misses the Net.
7:38 of 1st period - Shot by Carl Soderberg.
7:38 of 1st period - Shot Misses the Net.
7:40 of 1st period - Shot by Jay Bouwmeester.
7:40 of 1st period - Stopped by Darcy Kuemper with a rebound.
7:42 of 1st period - Shot by Carl Soderberg.
7:42 of 1st period - Stopped by Darcy Kuemper without a rebound.
7:43 of 1st period - Nazem Kadri wins face-off versus Patrice Bergeron in Stars zone.
7:43 of 1st period - Nazem Kadri is hit by Patrice Bergeron.
7:54 of 1st period - Shot by Patrice Bergeron.
7:54 of 1st period - Stopped by Darcy Kuemper without a rebound.
7:55 of 1st period - Sidney Crosby wins face-off versus Patrice Bergeron in Stars zone.
7:55 of 1st period - Sidney Crosby is hit by Tomas Tatar.
8:15 of 1st period - Shot by Patrice Bergeron.
8:15 of 1st period - Stopped by Darcy Kuemper without a rebound.
8:16 of 1st period - Kevin Rooney wins face-off versus Nazem Kadri in Stars zone.
8:19 of 1st period - Shot by Derek MacKenzie.
8:19 of 1st period - Shot Misses the Net.
8:21 of 1st period - Shot by Derek MacKenzie.
8:21 of 1st period - Stopped by Darcy Kuemper without a rebound.
8:22 of 1st period - Kevin Rooney wins face-off versus Nazem Kadri in Stars zone.
8:59 of 1st period - Shot by Yanni Gourde.
8:59 of 1st period - Deflect By Evander Kane.
8:59 of 1st period - Stopped by Ben Bishop without a rebound.
9:00 of 1st period - Patrice Bergeron wins face-off versus Sidney Crosby in Jets zone.
9:07 of 1st period - Shot by Tomas Tatar.
9:07 of 1st period - Stopped by Darcy Kuemper without a rebound.
9:08 of 1st period - Tomas Tatar wins face-off versus Sidney Crosby in Stars zone.
9:25 of 1st period - Shot by Jon Marchessault.
9:25 of 1st period - Shot Misses the Net.
9:27 of 1st period - Shot by Brandon Montour.
9:27 of 1st period - Stopped by Ben Bishop with a rebound.
9:29 of 1st period - Shot by Paul Byron.
9:29 of 1st period - Shot Hit the Post.
9:31 of 1st period - Shot by Brandon Montour.
9:31 of 1st period - Shot Blocked by Hampus Lindholm.
9:33 of 1st period - Shot by Paul Byron.
9:33 of 1st period - Stopped by Ben Bishop without a rebound.
9:34 of 1st period - Mika Zibanejad wins face-off versus Devin Shore in Jets zone.
10:03 of 1st period - Icing by Mika Zibanejad.
10:04 of 1st period - Sidney Crosby wins face-off versus Mika Zibanejad in Jets zone.
10:10 of 1st period - Icing by Jake Muzzin.
10:11 of 1st period - Sidney Crosby wins face-off versus Carl Soderberg in Jets zone.
10:44 of 1st period - Shot by Sidney Crosby.
10:44 of 1st period - Stopped by Ben Bishop without a rebound.
10:45 of 1st period - Patrice Bergeron wins face-off versus Josh Bailey in Jets zone.
11:01 of 1st period - Shot by Zach Aston-Reese.
11:01 of 1st period - Stopped by Ben Bishop with a rebound.
11:03 of 1st period - Shot by Devin Shore.
11:03 of 1st period - Stopped by Ben Bishop with a rebound.
11:05 of 1st period - Shot by Zach Aston-Reese.
11:05 of 1st period - Shot Misses the Net.
11:49 of 1st period - Shot by Bryan Rust.
11:49 of 1st period - Stopped by Darcy Kuemper without a rebound.
11:50 of 1st period - Sidney Crosby wins face-off versus Mika Zibanejad in Stars zone.
12:03 of 1st period - Shot by Mika Zibanejad.
12:03 of 1st period - Stopped by Darcy Kuemper with a rebound.
12:05 of 1st period - Shot by Carl Soderberg.
12:05 of 1st period - Shot Misses the Net.
12:22 of 1st period - Off-side.
12:23 of 1st period - Mikko Koivu wins face-off versus Nazem Kadri in neutral zone.
12:44 of 1st period - Evander Kane is hit by Nick Foligno and loses puck.
12:49 of 1st period - Shot by Bryan Rust.
12:49 of 1st period - Stopped by Darcy Kuemper with a rebound.
12:54 of 1st period - Nick Foligno is hit by Duncan Keith and loses puck.
12:58 of 1st period - Bryan Rust is hit by Duncan Keith and loses puck.
13:37 of 1st period - Shot by Josh Bailey.
13:37 of 1st period - Shot Blocked by P.K. Subban.
13:39 of 1st period - Shot by Brandon Montour.
13:39 of 1st period - Stopped by Ben Bishop without a rebound.
13:40 of 1st period - Kevin Rooney wins face-off versus Sidney Crosby in Jets zone.
13:42 of 1st period - Jake Muzzin is hit by Paul Byron and loses puck.
13:58 of 1st period - Paul Byron is hit by Jake Muzzin and loses puck.
14:53 of 1st period - Josh Bailey is hit by Jake Muzzin.
14:57 of 1st period - Shot by Zach Aston-Reese.
14:57 of 1st period - Stopped by Ben Bishop with a rebound.
15:56 of 1st period - Danny DeKeyser is hit by Tomas Tatar and loses puck.
16:10 of 1st period - Icing by Hampus Lindholm.
16:11 of 1st period - Sidney Crosby wins face-off versus Patrice Bergeron in Jets zone.
16:34 of 1st period - Shot by Jon Marchessault.
16:34 of 1st period - Stopped by Ben Bishop with a rebound.
16:46 of 1st period - Shot by Bryan Rust.
16:46 of 1st period - Stopped by Darcy Kuemper with a rebound.
17:04 of 1st period - Shot by Bryan Rust.
17:04 of 1st period - Deflect By Mikko Koivu.
17:04 of 1st period - Shot Misses the Net.
17:06 of 1st period - Shot by Nick Foligno.
17:06 of 1st period - Stopped by Darcy Kuemper without a rebound.
17:07 of 1st period - Mika Zibanejad wins face-off versus Nazem Kadri in Stars zone.
17:21 of 1st period - Icing by Mika Zibanejad.
17:22 of 1st period - Nazem Kadri wins face-off versus Mika Zibanejad in Jets zone.
17:25 of 1st period - Shot by Yanni Gourde.
17:25 of 1st period - Shot Blocked by Hampus Lindholm.
17:27 of 1st period - Shot by Yanni Gourde.
17:27 of 1st period - Deflect By Nazem Kadri.
17:27 of 1st period - Goal by Nazem Kadri - Stars : 1 - Jets : 1.
17:28 of 1st period - Nazem Kadri wins face-off versus Patrice Bergeron in neutral zone.
17:34 of 1st period - Icing by Tomas Tatar.
17:35 of 1st period - Nazem Kadri wins face-off versus Patrice Bergeron in Jets zone.
18:39 of 1st period - Tommy Wingels is hit by Hampus Lindholm and loses puck.
18:56 of 1st period - Shot by Sidney Crosby.
18:56 of 1st period - Deflect By Paul Byron.
18:56 of 1st period - Shot Misses the Net.
19:36 of 1st period - Shot by Josh Bailey.
19:36 of 1st period - Shot Misses the Net.
19:57 of 1st period - Off-side.
19:58 of 1st period - Patrice Bergeron wins face-off versus Nazem Kadri in neutral zone.
Goals for this period are 1 for Stars vs 1 for Jets.
Shots for this period are 12 for Stars vs 23 for Jets.

2nd period


0:01 of 2nd period - Patrice Bergeron wins face-off versus Sidney Crosby in neutral zone.
0:04 of 2nd period - Shot by Cam Atkinson.
0:04 of 2nd period - Shot Misses the Net.
0:06 of 2nd period - Shot by Patrice Bergeron.
0:06 of 2nd period - Shot Misses the Net.
0:08 of 2nd period - Shot by Patrice Bergeron.
0:08 of 2nd period - Shot Misses the Net.
0:10 of 2nd period - Shot by Jay Bouwmeester.
0:10 of 2nd period - Shot Misses the Net.
0:11 of 2nd period - Minor Penalty to Duncan Keith for Roughing.
0:12 of 2nd period - Mika Zibanejad wins face-off versus Yanni Gourde in Stars zone.
0:23 of 2nd period - Shot by Mika Zibanejad.
0:23 of 2nd period - Deflect By Mikko Koivu.
0:23 of 2nd period - Stopped by Darcy Kuemper without a rebound.
0:24 of 2nd period - Cam Atkinson wins face-off versus Yanni Gourde in Stars zone.
0:24 of 2nd period - Cam Atkinson is hit by John Klingberg.
0:26 of 2nd period - Shot by Tomas Tatar.
0:26 of 2nd period - Stopped by Darcy Kuemper with a rebound.
0:28 of 2nd period - Shot by Patrice Bergeron.
0:28 of 2nd period - Stopped by Darcy Kuemper with a rebound.
0:30 of 2nd period - Shot by Jake Muzzin.
0:30 of 2nd period - Shot Blocked by John Klingberg.
0:32 of 2nd period - Shot by Jake Muzzin.
0:32 of 2nd period - Stopped by Darcy Kuemper with a rebound.
0:34 of 2nd period - Shot by Jake Muzzin.
0:34 of 2nd period - Shot Blocked by John Klingberg.
0:36 of 2nd period - Shot by Jake Muzzin.
0:36 of 2nd period - Stopped by Darcy Kuemper without a rebound.
0:37 of 2nd period - Yanni Gourde wins face-off versus Jake Guentzel in Stars zone.
0:55 of 2nd period - Shot by Mikko Koivu.
0:55 of 2nd period - Stopped by Darcy Kuemper without a rebound.
0:56 of 2nd period - Yanni Gourde wins face-off versus Tomas Tatar in Stars zone.
0:56 of 2nd period - Yanni Gourde is hit by Tomas Tatar.
1:24 of 2nd period - Tomas Tatar is hit by Danny DeKeyser.
2:14 of 2nd period - Shot by Carl Soderberg.
2:14 of 2nd period - Shot Blocked by Joel Edmundson.
2:20 of 2nd period - Shot by Kevin Rooney.
2:20 of 2nd period - Stopped by Darcy Kuemper without a rebound.
2:21 of 2nd period - Mikko Koivu wins face-off versus Devin Shore in Stars zone.
2:28 of 2nd period - Shot by Bryan Rust.
2:28 of 2nd period - Stopped by Darcy Kuemper with a rebound.
2:45 of 2nd period - Off-side.
2:46 of 2nd period - Jon Marchessault wins face-off versus Mika Zibanejad in neutral zone.
2:46 of 2nd period - Jon Marchessault is hit by Mika Zibanejad.
2:59 of 2nd period - Minor Penalty to P.K. Subban for Holding.
3:00 of 2nd period - Carl Soderberg wins face-off versus Sebastian Aho in Jets zone.
3:10 of 2nd period - Icing by John Klingberg.
3:11 of 2nd period - Carl Soderberg wins face-off versus Sebastian Aho in Stars zone.
3:18 of 2nd period - Shot by Carl Soderberg.
3:18 of 2nd period - Shot Misses the Net.
3:20 of 2nd period - Shot by Carl Soderberg.
3:20 of 2nd period - Stopped by Darcy Kuemper without a rebound.
3:21 of 2nd period - Carl Soderberg wins face-off versus Sidney Crosby in Stars zone.
4:33 of 2nd period - Shot by Duncan Keith.
4:33 of 2nd period - Stopped by Ben Bishop without a rebound.
4:34 of 2nd period - Carl Soderberg wins face-off versus Sebastian Aho in Jets zone.
5:09 of 2nd period - Tomas Tatar is hit by Zach Aston-Reese.
5:15 of 2nd period - Shot by Zach Bogosian.
5:15 of 2nd period - Shot Hit the Post.
5:17 of 2nd period - Shot by Patrice Bergeron.
5:17 of 2nd period - Stopped by Darcy Kuemper without a rebound.
5:18 of 2nd period - Mikko Koivu wins face-off versus Sidney Crosby in Stars zone.
5:21 of 2nd period - Shot by Bryan Rust.
5:21 of 2nd period - Goal by Bryan Rust - Stars : 1 - Jets : 2.
5:22 of 2nd period - Sidney Crosby wins face-off versus Patrice Bergeron in neutral zone.
5:22 of 2nd period - Joel Edmundson is hit by Tomas Tatar and loses puck.
5:39 of 2nd period - Shot by Tomas Tatar.
5:39 of 2nd period - Stopped by Darcy Kuemper without a rebound.
5:40 of 2nd period - Mika Zibanejad wins face-off versus Nazem Kadri in Stars zone.
5:48 of 2nd period - Mika Zibanejad is hit by Duncan Keith and loses puck.
7:00 of 2nd period - Paul Byron is hit by Jake Muzzin and loses puck.
7:15 of 2nd period - Sidney Crosby is hit by Jake Muzzin and loses puck.
7:36 of 2nd period - Shot by Nick Foligno.
7:36 of 2nd period - Shot Misses the Net.
7:41 of 2nd period - Minor Penalty to Nick Foligno for Tripping.
7:42 of 2nd period - Carl Soderberg wins face-off versus Sebastian Aho in Jets zone.
7:51 of 2nd period - Shot by John Klingberg.
7:51 of 2nd period - Shot Misses the Net.
7:53 of 2nd period - Shot by John Klingberg.
7:53 of 2nd period - Stopped by Ben Bishop without a rebound.
7:54 of 2nd period - Sidney Crosby wins face-off versus Carl Soderberg in Jets zone.
8:05 of 2nd period - Shot by Brandon Montour.
8:05 of 2nd period - Shot Misses the Net.
8:07 of 2nd period - Shot by Sidney Crosby.
8:07 of 2nd period - Stopped by Ben Bishop without a rebound.
8:08 of 2nd period - Carl Soderberg wins face-off versus Sebastian Aho in Jets zone.
9:45 of 2nd period - Shot by Josh Bailey.
9:45 of 2nd period - Goal by Josh Bailey - Stars : 2 - Jets : 2.
9:46 of 2nd period - Patrice Bergeron wins face-off versus Devin Shore in neutral zone.
9:49 of 2nd period - Shot by Patrice Bergeron.
9:49 of 2nd period - Stopped by Darcy Kuemper with a rebound.
9:54 of 2nd period - Icing by Devin Shore.
9:55 of 2nd period - Devin Shore wins face-off versus Patrice Bergeron in Stars zone.
10:30 of 2nd period - Shot by Zach Aston-Reese.
10:30 of 2nd period - Deflect By Josh Bailey.
10:30 of 2nd period - Shot Misses the Net.
10:58 of 2nd period - Zach Bogosian is hit by Paul Byron and loses puck.
11:05 of 2nd period - Shot by Tommy Wingels.
11:05 of 2nd period - Stopped by Ben Bishop without a rebound.
11:06 of 2nd period - Nazem Kadri wins face-off versus Mika Zibanejad in Jets zone.
11:23 of 2nd period - Shot by Mika Zibanejad.
11:23 of 2nd period - Stopped by Darcy Kuemper without a rebound.
11:24 of 2nd period - Mikko Koivu wins face-off versus Sidney Crosby in Stars zone.
11:26 of 2nd period - Bryan Rust is hit by Duncan Keith and loses puck.
11:47 of 2nd period - Shot by Paul Byron.
11:47 of 2nd period - Stopped by Ben Bishop without a rebound.
11:48 of 2nd period - Patrice Bergeron wins face-off versus Evander Kane in Jets zone.
11:48 of 2nd period - Patrice Bergeron is hit by Evander Kane.
12:08 of 2nd period - Shot by Nazem Kadri.
12:08 of 2nd period - Shot Misses the Net.
12:14 of 2nd period - Shot by Yanni Gourde.
12:14 of 2nd period - Shot Misses the Net.
12:16 of 2nd period - Shot by Evander Kane.
12:16 of 2nd period - Stopped by Ben Bishop without a rebound.
12:17 of 2nd period - Mika Zibanejad wins face-off versus Sidney Crosby in Jets zone.
12:36 of 2nd period - Shot by Mika Zibanejad.
12:36 of 2nd period - Stopped by Darcy Kuemper with a rebound.
12:38 of 2nd period - Shot by Jay Bouwmeester.
12:38 of 2nd period - Stopped by Darcy Kuemper without a rebound.
12:39 of 2nd period - Mikko Koivu wins face-off versus Devin Shore in Stars zone.
12:48 of 2nd period - Shot by Nick Foligno.
12:48 of 2nd period - Stopped by Darcy Kuemper without a rebound.
12:49 of 2nd period - Nazem Kadri wins face-off versus Patrice Bergeron in Stars zone.
12:53 of 2nd period - Off-side.
12:54 of 2nd period - Mika Zibanejad wins face-off versus Sidney Crosby in neutral zone.
13:09 of 2nd period - Icing by Carl Soderberg.
13:10 of 2nd period - Mika Zibanejad wins face-off versus Nazem Kadri in Jets zone.
13:36 of 2nd period - Shot by P.K. Subban.
13:36 of 2nd period - Shot Misses the Net.
14:24 of 2nd period - Jake Muzzin is hit by John Klingberg and loses puck.
14:25 of 2nd period - Minor Penalty to John Klingberg for High sticking.
14:26 of 2nd period - Patrice Bergeron wins face-off versus Paul Byron in Stars zone.
14:27 of 2nd period - Shot by Hampus Lindholm.
14:27 of 2nd period - Stopped by Darcy Kuemper without a rebound.
14:28 of 2nd period - Yanni Gourde wins face-off versus Cam Atkinson in Stars zone.
14:41 of 2nd period - Paul Byron is hit by Tomas Tatar and loses puck.
14:46 of 2nd period - Shot by Patrice Bergeron.
14:46 of 2nd period - Stopped by Darcy Kuemper with a rebound.
15:08 of 2nd period - Shot by Mikko Koivu.
15:08 of 2nd period - Shot Misses the Net.
15:10 of 2nd period - Shot by Mika Zibanejad.
15:10 of 2nd period - Shot Misses the Net.
15:12 of 2nd period - Shot by Mika Zibanejad.
15:12 of 2nd period - Stopped by Darcy Kuemper without a rebound.
15:13 of 2nd period - Mika Zibanejad wins face-off versus Yanni Gourde in Stars zone.
15:22 of 2nd period - Shot by Mikko Koivu.
15:22 of 2nd period - Shot Misses the Net.
15:24 of 2nd period - Shot by Mika Zibanejad.
15:24 of 2nd period - Stopped by Darcy Kuemper without a rebound.
15:25 of 2nd period - Mika Zibanejad wins face-off versus Tommy Wingels in Stars zone.
15:46 of 2nd period - Shot by Jake Guentzel.
15:46 of 2nd period - Shot Misses the Net.
15:48 of 2nd period - Shot by Hampus Lindholm.
15:48 of 2nd period - Stopped by Darcy Kuemper without a rebound.
15:49 of 2nd period - Patrice Bergeron wins face-off versus Tommy Wingels in Stars zone.
16:04 of 2nd period - Shot by Jake Muzzin.
16:04 of 2nd period - Shot Misses the Net.
16:06 of 2nd period - Shot by P.K. Subban.
16:06 of 2nd period - Stopped by Darcy Kuemper without a rebound.
16:07 of 2nd period - Yanni Gourde wins face-off versus Patrice Bergeron in Stars zone.
16:31 of 2nd period - Icing by Jake Muzzin.
16:32 of 2nd period - Mikko Koivu wins face-off versus Sidney Crosby in Jets zone.
17:11 of 2nd period - Shot by Bryan Rust.
17:11 of 2nd period - Deflect By Mikko Koivu.
17:11 of 2nd period - Shot Misses the Net.
17:38 of 2nd period - Cam Atkinson is hit by Yanni Gourde and loses puck.
18:14 of 2nd period - Icing by P.K. Subban.
18:15 of 2nd period - Devin Shore wins face-off versus Patrice Bergeron in Jets zone.
19:17 of 2nd period - Icing by P.K. Subban.
19:18 of 2nd period - Patrice Bergeron wins face-off versus Nazem Kadri in Jets zone.
19:33 of 2nd period - Icing by Hampus Lindholm.
19:34 of 2nd period - Patrice Bergeron wins face-off versus Sidney Crosby in Jets zone.
Goals for this period are 1 for Stars vs 1 for Jets.
Shots for this period are 7 for Stars vs 23 for Jets.

3rd period


0:01 of 3rd period - Mika Zibanejad wins face-off versus Paul Byron in neutral zone.
0:24 of 3rd period - Shot by Jon Marchessault.
0:24 of 3rd period - Stopped by Ben Bishop with a rebound.
0:26 of 3rd period - Shot by Duncan Keith.
0:26 of 3rd period - Deflect By Sidney Crosby.
0:26 of 3rd period - Shot Misses the Net.
0:28 of 3rd period - Shot by Jon Marchessault.
0:28 of 3rd period - Shot Misses the Net.
0:30 of 3rd period - Shot by Sidney Crosby.
0:30 of 3rd period - Shot Misses the Net.
0:32 of 3rd period - Shot by Duncan Keith.
0:32 of 3rd period - Stopped by Ben Bishop with a rebound.
1:00 of 3rd period - Shot by Nazem Kadri.
1:00 of 3rd period - Shot Misses the Net.
1:42 of 3rd period - Shot by Josh Bailey.
1:42 of 3rd period - Stopped by Ben Bishop without a rebound.
1:43 of 3rd period - Cam Atkinson wins face-off versus Devin Shore in Jets zone.
2:04 of 3rd period - Shot by Patrice Bergeron.
2:04 of 3rd period - Stopped by Darcy Kuemper without a rebound.
2:05 of 3rd period - Mikko Koivu wins face-off versus Sidney Crosby in Stars zone.
2:07 of 3rd period - Nick Foligno is hit by Duncan Keith and loses puck.
3:12 of 3rd period - Shot by Patrice Bergeron.
3:12 of 3rd period - Shot Blocked by Brandon Montour.
3:21 of 3rd period - Icing by Zach Aston-Reese.
3:22 of 3rd period - Patrice Bergeron wins face-off versus Devin Shore in Stars zone.
4:04 of 3rd period - Devin Shore is hit by P.K. Subban and loses puck.
4:39 of 3rd period - Shot by Yanni Gourde.
4:39 of 3rd period - Stopped by Ben Bishop without a rebound.
4:40 of 3rd period - Sidney Crosby wins face-off versus Mikko Koivu in Jets zone.
4:43 of 3rd period - Shot by Paul Byron.
4:43 of 3rd period - Deflect By Sidney Crosby.
4:43 of 3rd period - Shot Blocked by Nick Foligno.
4:47 of 3rd period - Shot by Sidney Crosby.
4:47 of 3rd period - Stopped by Ben Bishop without a rebound.
4:48 of 3rd period - Sidney Crosby wins face-off versus Mikko Koivu in Jets zone.
5:53 of 3rd period - Duncan Keith is hit by Nick Foligno and loses puck.
6:00 of 3rd period - Nick Foligno is hit by Evander Kane.
6:12 of 3rd period - Mikko Koivu is hit by Evander Kane and loses puck.
6:33 of 3rd period - Shot by Devin Shore.
6:33 of 3rd period - Stopped by Ben Bishop without a rebound.
6:34 of 3rd period - Sidney Crosby wins face-off versus Mika Zibanejad in Jets zone.
7:12 of 3rd period - Shot by Mika Zibanejad.
7:12 of 3rd period - Shot Misses the Net.
7:14 of 3rd period - Shot by Carl Soderberg.
7:14 of 3rd period - Stopped by Darcy Kuemper with a rebound.
7:34 of 3rd period - Zach Aston-Reese is hit by Tomas Tatar and loses puck.
8:16 of 3rd period - Cam Atkinson is hit by Evander Kane and loses puck.
8:24 of 3rd period - Shot by Yanni Gourde.
8:24 of 3rd period - Stopped by Ben Bishop without a rebound.
8:25 of 3rd period - Nazem Kadri wins face-off versus Kevin Rooney in Jets zone.
8:38 of 3rd period - Shot by Nazem Kadri.
8:38 of 3rd period - Stopped by Ben Bishop without a rebound.
8:39 of 3rd period - Nazem Kadri wins face-off versus Mika Zibanejad in Jets zone.
8:52 of 3rd period - Shot by Evander Kane.
8:52 of 3rd period - Deflect By Nazem Kadri.
8:52 of 3rd period - Stopped by Ben Bishop without a rebound.
8:53 of 3rd period - Kevin Rooney wins face-off versus Devin Shore in Jets zone.
9:57 of 3rd period - Duncan Keith is hit by Derek MacKenzie and loses puck.
10:01 of 3rd period - Icing by Duncan Keith.
10:02 of 3rd period - Sidney Crosby wins face-off versus Patrice Bergeron in Stars zone.
10:38 of 3rd period - Icing by P.K. Subban.
10:39 of 3rd period - Nazem Kadri wins face-off versus Patrice Bergeron in Jets zone.
10:53 of 3rd period - Icing by Patrice Bergeron.
10:54 of 3rd period - Patrice Bergeron wins face-off versus Devin Shore in Jets zone.
11:31 of 3rd period - Hampus Lindholm is hit by Joel Edmundson and loses puck.
11:55 of 3rd period - Nick Foligno is hit by Joel Edmundson and loses puck.
12:11 of 3rd period - Shot by Bryan Rust.
12:11 of 3rd period - Shot Misses the Net.
12:13 of 3rd period - Shot by Bryan Rust.
12:13 of 3rd period - Deflect By Mikko Koivu.
12:13 of 3rd period - Shot Blocked by Joel Edmundson.
12:15 of 3rd period - Shot by Mikko Koivu.
12:15 of 3rd period - Deflect By Bryan Rust.
12:15 of 3rd period - Shot Misses the Net.
12:17 of 3rd period - Shot by Nick Foligno.
12:17 of 3rd period - Shot Blocked by Ryan Murray.
12:19 of 3rd period - Shot by Jake Muzzin.
12:19 of 3rd period - Shot Misses the Net.
12:39 of 3rd period - Jake Muzzin is hit by Zach Aston-Reese and loses puck.
12:55 of 3rd period - Off-side.
12:56 of 3rd period - Jake Guentzel wins face-off versus Sidney Crosby in neutral zone.
13:01 of 3rd period - Shot by Zach Bogosian.
13:01 of 3rd period - Shot Misses the Net.
13:03 of 3rd period - Shot by Mika Zibanejad.
13:03 of 3rd period - Shot Misses the Net.
13:05 of 3rd period - Shot by Jake Guentzel.
13:05 of 3rd period - Stopped by Darcy Kuemper without a rebound.
13:06 of 3rd period - Nazem Kadri wins face-off versus Mika Zibanejad in Stars zone.
13:06 of 3rd period - Nazem Kadri is hit by Jake Guentzel.
13:18 of 3rd period - Shot by Nazem Kadri.
13:18 of 3rd period - Stopped by Ben Bishop without a rebound.
13:19 of 3rd period - Carl Soderberg wins face-off versus Sidney Crosby in Jets zone.
13:19 of 3rd period - Carl Soderberg is hit by Paul Byron.
13:28 of 3rd period - Shot by Kevin Rooney.
13:28 of 3rd period - Stopped by Darcy Kuemper with a rebound.
13:30 of 3rd period - Shot by Derek MacKenzie.
13:30 of 3rd period - Shot Blocked by Brandon Montour.
13:33 of 3rd period - Carl Soderberg is hit by Brandon Montour and loses puck.
13:55 of 3rd period - Shot by Carl Soderberg.
13:55 of 3rd period - Stopped by Darcy Kuemper without a rebound.
13:56 of 3rd period - Nazem Kadri wins face-off versus Patrice Bergeron in Stars zone.
13:56 of 3rd period - Nazem Kadri is hit by Cam Atkinson.
14:17 of 3rd period - Nazem Kadri is hit by P.K. Subban and loses puck.
14:22 of 3rd period - Shot by Yanni Gourde.
14:22 of 3rd period - Shot Blocked by P.K. Subban.
14:24 of 3rd period - Shot by John Klingberg.
14:24 of 3rd period - Shot Misses the Net.
14:26 of 3rd period - Shot by Duncan Keith.
14:26 of 3rd period - Shot Misses the Net.
14:28 of 3rd period - Shot by Yanni Gourde.
14:28 of 3rd period - Shot Blocked by P.K. Subban.
14:30 of 3rd period - Shot by Duncan Keith.
14:30 of 3rd period - Shot Misses the Net.
14:32 of 3rd period - Shot by Duncan Keith.
14:32 of 3rd period - Shot Misses the Net.
14:34 of 3rd period - Shot by Duncan Keith.
14:34 of 3rd period - Shot Blocked by Patrice Bergeron.
14:36 of 3rd period - Shot by Yanni Gourde.
14:36 of 3rd period - Shot Misses the Net.
14:43 of 3rd period - Icing by P.K. Subban.
14:44 of 3rd period - Sidney Crosby wins face-off versus Cam Atkinson in Jets zone.
14:44 of 3rd period - Danny DeKeyser is hit by Hampus Lindholm and loses puck.
15:10 of 3rd period - Shot by Sidney Crosby.
15:10 of 3rd period - Shot Misses the Net.
15:12 of 3rd period - Shot by Sidney Crosby.
15:12 of 3rd period - Stopped by Ben Bishop with a rebound.
15:14 of 3rd period - Shot by Brandon Montour.
15:14 of 3rd period - Deflect By Sidney Crosby.
15:14 of 3rd period - Shot Misses the Net.
15:18 of 3rd period - Shot by Sidney Crosby.
15:18 of 3rd period - Shot Blocked by P.K. Subban.
16:03 of 3rd period - Shot by Mika Zibanejad.
16:03 of 3rd period - Shot Misses the Net.
16:05 of 3rd period - Shot by Mika Zibanejad.
16:05 of 3rd period - Stopped by Darcy Kuemper without a rebound.
16:06 of 3rd period - Nazem Kadri wins face-off versus Mikko Koivu in Stars zone.
16:15 of 3rd period - Shot by Nick Foligno.
16:15 of 3rd period - Deflect By Mikko Koivu.
16:15 of 3rd period - Stopped by Darcy Kuemper without a rebound.
16:16 of 3rd period - Nazem Kadri wins face-off versus Mikko Koivu in Stars zone.
16:24 of 3rd period - Icing by Mikko Koivu.
16:25 of 3rd period - Devin Shore wins face-off versus Mikko Koivu in Jets zone.
17:21 of 3rd period - Icing by Danny DeKeyser.
17:22 of 3rd period - Nazem Kadri wins face-off versus Mika Zibanejad in Stars zone.
17:22 of 3rd period - Nazem Kadri is hit by Carl Soderberg.
17:23 of 3rd period - Minor Penalty to Jake Guentzel for Cross-checking.
17:24 of 3rd period - Sebastian Aho wins face-off versus Carl Soderberg in Jets zone.
17:25 of 3rd period - Shot by Evander Kane.
17:25 of 3rd period - Stopped by Ben Bishop without a rebound.
17:26 of 3rd period - Sebastian Aho wins face-off versus Carl Soderberg in Jets zone.
19:12 of 3rd period - Sebastian Aho is hit by Jake Muzzin and loses puck.
19:29 of 3rd period - Shot by Patrice Bergeron.
19:29 of 3rd period - Stopped by Darcy Kuemper without a rebound.
19:30 of 3rd period - Devin Shore wins face-off versus Patrice Bergeron in Stars zone.
Goals for this period are 0 for Stars vs 0 for Jets.
Shots for this period are 12 for Stars vs 8 for Jets.

Overtime #1


0:01 of 1st overtime period - Carl Soderberg wins face-off versus Sidney Crosby in neutral zone.
0:14 of 1st overtime period - Shot by Carl Soderberg.
0:14 of 1st overtime period - Stopped by Darcy Kuemper without a rebound.
0:15 of 1st overtime period - Nazem Kadri wins face-off versus Patrice Bergeron in Stars zone.
1:11 of 1st overtime period - Mika Zibanejad is hit by Danny DeKeyser and loses puck.
1:12 of 1st overtime period - Minor Penalty to Danny DeKeyser for High sticking.
1:13 of 1st overtime period - Mika Zibanejad wins face-off versus Paul Byron in Stars zone.
1:20 of 1st overtime period - Shot by Jake Guentzel.
1:20 of 1st overtime period - Stopped by Darcy Kuemper without a rebound.
1:21 of 1st overtime period - Mika Zibanejad wins face-off versus Yanni Gourde in Stars zone.
1:28 of 1st overtime period - Shot by Jake Guentzel.
1:28 of 1st overtime period - Shot Blocked by John Klingberg.
1:30 of 1st overtime period - Shot by Mikko Koivu.
1:30 of 1st overtime period - Shot Misses the Net.
1:32 of 1st overtime period - Shot by Hampus Lindholm.
1:32 of 1st overtime period - Stopped by Darcy Kuemper without a rebound.
1:33 of 1st overtime period - Mika Zibanejad wins face-off versus Paul Byron in Stars zone.
1:40 of 1st overtime period - Shot by Jake Guentzel.
1:40 of 1st overtime period - Shot Blocked by John Klingberg.
1:51 of 1st overtime period - Icing by Jake Muzzin.
1:52 of 1st overtime period - Yanni Gourde wins face-off versus Jake Guentzel in Jets zone.
2:19 of 1st overtime period - Shot by P.K. Subban.
2:19 of 1st overtime period - Shot Misses the Net.
2:49 of 1st overtime period - Shot by Tomas Tatar.
2:49 of 1st overtime period - Stopped by Darcy Kuemper without a rebound.
2:50 of 1st overtime period - Yanni Gourde wins face-off versus Patrice Bergeron in Stars zone.
3:26 of 1st overtime period - Carl Soderberg is hit by Paul Byron and loses puck.
4:26 of 1st overtime period - Shot by Mikko Koivu.
4:26 of 1st overtime period - Shot Misses the Net.
4:32 of 1st overtime period - Shot by Bryan Rust.
4:32 of 1st overtime period - Stopped by Darcy Kuemper without a rebound.
4:33 of 1st overtime period - Devin Shore wins face-off versus Patrice Bergeron in Stars zone.
5:13 of 1st overtime period - Icing by Brenden Dillon.
5:14 of 1st overtime period - Mika Zibanejad wins face-off versus Devin Shore in Stars zone.
6:15 of 1st overtime period - Shot by Mikko Koivu.
6:15 of 1st overtime period - Shot Misses the Net.
6:17 of 1st overtime period - Shot by P.K. Subban.
6:17 of 1st overtime period - Stopped by Darcy Kuemper with a rebound.
7:38 of 1st overtime period - Icing by John Klingberg.
7:39 of 1st overtime period - Mika Zibanejad wins face-off versus Nazem Kadri in Stars zone.
9:00 of 1st overtime period - Shot by Sidney Crosby.
9:00 of 1st overtime period - Shot Misses the Net.
9:02 of 1st overtime period - Shot by Joel Edmundson.
9:02 of 1st overtime period - Goal by Joel Edmundson - Stars : 3 - Jets : 2.
Goals for this period are 1 for Stars vs 0 for Jets.
Shots for this period are 1 for Stars vs 6 for Jets.